 Dungeon Crawl Stone Soup version 0.22.1-1-ga44c0e5 (webtiles) character file.

107 Garbasso the Bolt Thrower (level 4, -1/28 HPs)
             Began as an Octopode Wanderer on Oct 11, 2018.
             Slain by an orc priest
             ... wielding a +0 short sword
              (8 damage)
             ... on level 3 of the Dungeon.
             The game lasted 00:06:20 (2352 turns).

Garbasso the Bolt Thrower (Octopode Wanderer)       Turns: 2352, Time: 00:06:20

Health: -1/28      AC:  1    Str:  9    XL:     4   Next: 86%
Magic:  7/7        EV: 14    Int: 14    God:
Gold:   140        SH:  0    Dex: 14    Spells: 7/7 levels left

rFire    . . .     SeeInvis .   b - +2 dagger (venom)
rCold    . . .     Gourm    .   (no shield)
rNeg     . . .     Faith    .   (helmet restricted)
rPois    .         Spirit   .   (no amulet)
rElec    .         Reflect  .   (no ring)
rCorr    .         Harm     .   (no ring)
MR       .....                  (no ring)
Stlth    +++.......             (no ring)
HPRegen  0.09/turn              (no ring)
MPRegen  0.10/turn              (no ring)
                                (no ring)
                                (no ring)

@: no status effects
A: almost no armour, stealthy swim, amphibious, 8 rings, constrict 8, camouflage
1, gelatinous body 1
a: no special abilities


You were on level 3 of the Dungeon.
You were not hungry.

You visited 1 branch of the dungeon, and saw 3 of its levels.

You collected 140 gold pieces.

Inventory:

Hand Weapons
 a - a +0 hand crossbow
 b - a +2 dagger of venom (weapon)
Missiles
 c - 8 curare-tipped needles
 d - 89 bolts
Jewellery
 l - an uncursed ring of protection from fire {unknown}
Scrolls
 e - 4 scrolls of identify {unknown}
 i - 2 scrolls of remove curse {unknown}
 j - a scroll of immolation {unknown}
 o - 2 scrolls of teleportation {unknown}
 q - a scroll of fear {unknown}
Potions
 g - a potion of curing {unknown}
 h - 2 potions of flight {unknown}
 k - a potion of agility {unknown}
 m - a potion of lignification {unknown}
 p - a potion of brilliance {unknown}
Comestibles
 f - 4 rations
 n - 2 chunks of flesh


   Skills:
 + Level 1.6 Fighting
 + Level 3.5 Crossbows
 - Level 1.0 Throwing
 * Level 2.6 Dodging
 + Level 3.0 Stealth
 - Level 2.0 Spellcasting
   Level 3.0 Ice Magic


You had 7 spell levels left.
You didn't know any spells.
Your spell library contained the following spells:

 Spells                   Type           Power        Failure   Level  Hunger
 Freeze                   Ice            #...         7%          1    ##.....
 Throw Frost              Conj/Ice       #.....       19%         2    ###....
 Searing Ray              Conj           #.....       34%         2    ###....
 Throw Flame              Conj/Fire      #.....       34%         2    ###....
 Ozocubu's Armour         Chrm/Ice       #.......     36%         3    ####...
 Summon Ice Beast         Ice/Summ       #.......     77%         4    #####..
 Throw Icicle             Conj/Ice       #.......     77%         4    #####..


Dungeon Overview and Level Annotations

Branches:
Dungeon (3/15)

Altars:
Hepliaklqana


Innate Abilities, Weirdness & Mutations

You cannot wear most types of armour.
You are very stealthy in the water. (Stealth+)
You are amphibious.
You can wear up to eight rings at the same time.
You can use your tentacles to constrict eight enemies at once.
Your skin changes colour to match your surroundings (Stealth+).
Your rubbery body absorbs attacks. (AC +1, EV +1)


Message History

Items here: )) [[ † a mace; a leather armour; a hand axe; a chain mail; an orc corpse You start waiting.
The orc priest is too close now for your liking.
You start waiting.
The orc priest is too close now for your liking.
The orc priest mumbles some strange prayers to Beogh against you.
Pain shoots through your body!
You hit the orc priest.
The orc priest is poisoned.
You grab the orc priest.
The orc priest is lightly wounded.
You constrict the orc priest.
The orc priest calls down the wrath of Beogh upon you.
Beogh smites you!
* * * LOW HITPOINT WARNING * * *
You hit the orc priest.
The orc priest looks as sick as possible!
The orc priest is heavily wounded.
You constrict the orc priest.
The orc priest hits you with a short sword!
You die...

# ####### .
.....>.################
o.....(....÷...........
####
..o....)....##.........
...##
.......#.##............
##..##
.......#o#####.........
##..#
##.#####.@...#.........
##.####.#
#####...########
#..†.#.### ###.#
####.....### #.##
##......# #..# ###....#
##.### ###..## #...#
##..## ###.###
#...########...#


You could see an orc priest.

Vanquished Creatures
  6 adders
  2 leopard geckos (D:3)
  2 orcs (D:3)
  2 giant cockroaches
  6 hobgoblins
  5 jackals (D:2)
  A quokka (D:2)
  5 bats
  6 frilled lizards
  6 goblins
  4 kobolds
  7 rats
52 creatures vanquished.

Notes
Turn   | Place    | Note
-------+----------+-------------------------------------------
     0 | D:1      | Garbasso the Octopode Wanderer began the quest for the Orb.
     0 | D:1      | Garbasso set off with: a +0 hand crossbow, 25 bolts, a
                  | ration
     0 | D:1      | Reached XP level 1. HP: 11/11 MP: 3/3
   278 | D:1      | Reached XP level 2. HP: 18/18 MP: 5/5
   294 | D:1      | Reached skill level 1 in Dodging
   783 | D:2      | Reached XP level 3. HP: 14/22 MP: 6/6
   787 | D:2      | Reached skill level 1 in Fighting
  1495 | D:2      | Found a hazy altar of Hepliaklqana.
  1690 | D:3      | Reached XP level 4. HP: 28/28 MP: 7/7
  2352 | D:3      | Slain by an orc priest

Skill      XL: |  1  2  3  4 |
---------------+-------------+-----
Dodging        | 1 2 |  2.6
Stealth        | 2 3 |  3.0
Fighting       | 1 |  1.6
Crossbows      | |  3.5
Throwing       | |  1.0
Spellcasting   | |  2.0
Ice Magic      | |  3.0

Action                   |  1- 3 |  4- 6 || total
-------------------------+-------+-------++-------
Melee: Unarmed           |    46 |       ||    46
       Constrict         |    15 |     7 ||    22
       Tentacles         |    15 |     3 ||    18
       Dagger            |     3 |    30 ||    33
 Fire: Hand crossbow     |    33 |    13 ||    46
 Stab: Sleeping          |     5 |     3 ||     8
  Eat: Chunk             |     2 |     2 ||     4
Armor: Skin              |     9 |     1 ||    10
Dodge: Dodged            |    37 |    17 ||    54
